 Dungeon Crawl Stone Soup version 0.21-a0-33-g8b44e26 (webtiles) character file.

70 JeffiDaFish the Shield-Bearer (level 4, -2/29 HPs)
             Began as a Gargoyle Fighter on May 27, 2017.
             Slain by a gnoll
             ... wielding a +0 flail
              (8 damage)
             ... on level 2 of the Dungeon.
             The game lasted 00:02:11 (737 turns).

JeffiDaFish the Shield-Bearer (Gargoyle Fighter)     Turns: 737, Time: 00:02:12

Health: -2/29      AC: 12    Str: 25    XL:     4   Next: 22%
Magic:  4/4        EV:  7    Int:  8    God:
Gold:   75         SH: 10    Dex: 10    Spells: 3/3 levels left

rFire    . . .     SeeInvis .   a - +1 flail
rCold    . . .     Gourm    .   c - +0 shield
rNeg     + + .     Faith    .   b - +0 scale mail
rPois    ∞         Spirit   .   (no helmet)
rElec    +         Reflect  .   (no cloak)
rCorr    .         Harm     .   j - +1 pair of gloves
MR       .....                  (no boots)
Stlth    ..........             e - amulet of regeneration
Regen    0.5/turn               h - ring of positive energy
MPRegen  0.1/turn               (no ring)

@: mighty
A: negative energy resistance 1, electricity resistance, unbreathing,
petrification resistance, rot immunity, AC +3
a: no special abilities


You were on level 2 of the Dungeon.
You were not hungry.

You visited 1 branch of the dungeon, and saw 2 of its levels.

You collected 75 gold pieces.

Inventory:

Hand Weapons
 a - a +1 flail (weapon)
Armour
 b - a +0 scale mail (worn)
 c - a +0 shield (worn)
 j - a +1 pair of gloves (worn)
Jewellery
 e - an amulet of regeneration (around neck)
 h - a ring of positive energy (left hand)
Potions
 i - 2 potions of resistance
Comestibles
 f - 2 bread rations
 g - 11 chunks of flesh


   Skills:
 + Level 3.8 Fighting
 + Level 2.8 Maces & Flails
 + Level 3.8 Armour
 + Level 0.2 Dodging
 + Level 4.0 Shields


You had 3 spell levels left.
You didn't know any spells.

Dungeon Overview and Level Annotations

Branches:
Dungeon (2/15)

Altars:


Innate Abilities, Weirdness & Mutations

You are resistant to torment.
Your stone body is resilient. (AC +3)
You are immune to poison.
You resist negative energy. (rN+)
You are resistant to electric shocks. (rElec)
You can survive without breathing.
You are immune to petrification.
You are immune to rotting.


Message History

The gnoll is moderately wounded.
The gnoll hits you but does no damage. x2
The dart slug launches a dart at you. The slug dart misses you.
The gnoll hits you but does no damage.
You closely miss the gnoll.
The gnoll is moderately wounded.
You block the gnoll's attack. x3; The dart slug closely misses you.
You closely miss the gnoll.
The gnoll is lightly wounded.
The gnoll completely misses you. You block the gnoll's attack.
The gnoll barely misses you. The dart slug launches a dart at you.
The slug dart hits you!
* * * LOW HITPOINT WARNING * * *
You block the gnoll's attack.
You sock the gnoll!
You kill the gnoll!
Your Shields skill increases to level 4!
The gnoll hits you with a flail!
You die...

......##..##
##......#..#
####.##....###
# #.####....##
.# #.# ##.#..#
#.# #.# #.##.#
#..##.# ...
#..#.## .....
#..
##.#..##..##
#..
#.##..@w..#
#.###gg)...#
#.#...##...#
#.#..## ...#
#.#.) ..#
#.#.. ..# ..#
## .##


You could see 2 gnolls and a dart slug.

Vanquished Creatures
  2 gnolls (D:2)
  2 worms (D:2)
  2 dart slugs (D:1)
  2 leopard geckos (D:2)
  A ball python (D:1)
  6 giant cockroaches
  5 goblins (D:1)
  A hobgoblin (D:2)
  4 jackals (D:2)
  3 kobolds (D:1)
  3 bats (D:1)
  3 frilled lizards (D:1)
  6 rats
40 creatures vanquished.

Notes
Turn   | Place    | Note
-------+----------+-------------------------------------------
     0 | D:1      | JeffiDaFish the Gargoyle Fighter began the quest for the Orb.
     0 | D:1      | Reached XP level 1. HP: 14/14 MP: 1/1
    70 | D:1      | Reached XP level 2. HP: 19/19 MP: 2/2
   326 | D:1      | Reached XP level 3. HP: 24/24 MP: 3/3
   728 | D:2      | Reached XP level 4. HP: 15/29 MP: 4/4
   737 | D:2      | Reached skill level 4 in Shields
   737 | D:2      | Slain by a gnoll

Vault maps used:
D:1:      dpeg_arrival_simpleton_c, serial_co_window_serial, co_window_paths_b,
          co_window_paths_b, co_window_paths_a, co_window_of_opportunity_a,
          co_window_paths_a, co_window_corner_ca, co_window_of_opportunity_b,
          co_window_corner_ca
D:2:      gammafunk_temple_overflow_arena

Skill      XL: |  1  2  3  4 |
---------------+-------------+-----
Shields        | 4 |  4.0
Fighting       | |  3.8
Maces & Flails | |  2.8
Armour         | |  3.8
Dodging        | |  0.2

Action                   |  1- 3 |  4- 6 || total
-------------------------+-------+-------++-------
Melee: Flail             |   140 |     8 ||   148
  Use: Scroll            |     5 |       ||     5
       Potion            |     2 |       ||     2
Armor: Scale mail        |    89 |    10 ||    99
Dodge: Dodged            |    50 |    11 ||    61
Block: Shield            |    82 |    14 ||    96
